 Dungeon Crawl Stone Soup version 0.29-a0-323-g050149af67 (webtiles) character file.

Game seed: 6556173402148859353

5122 jdsmith2816 the Arsonist (level 10, 48/79 HPs)
             Began as a Mummy Hedge Wizard on Apr 10, 2022.
             Was an Initiate of Gozag.
             Quit the game on level 9 of the Dungeon on Apr 11, 2022.
             The game lasted 02:14:40 (17985 turns).

jdsmith2816 the Arsonist (Mummy Hedge Wizard)      Turns: 17985, Time: 02:14:41

Health: 48/79      AC:  9    Str: 19    XL:     10   Next: 32%
Magic:  7/19       EV: 12    Int: 19    God:    Gozag
Gold:   924        SH:  0    Dex: 11    Spells: 6/22 levels left

rFire   x . .      SeeInvis .   b - +2 hunting sling
rCold   + . .      Faith    .   (no shield)
rNeg    + + +      Spirit   .   o - +0 robe
rPois   ∞          Reflect  .   c - +2 hat
rElec   .          Harm     .   (no cloak)
rCorr   .          Rampage  .   j - +0 pair of gloves
Will    +....                   (no boots)
Stlth   ++........              (no amulet)
HPRegen 0.23/turn               S - +6 ring of strength
MPRegen 0.16/turn               T - +4 ring of protection

@: no status effects
A: cold resistance 1, negative energy resistance 3, torment resistance 2, heat
vulnerability 1, in touch with death 1, no potions
a: Renounce Religion, Potion Petition, Call Merchant, Bribe Branch


You were on level 9 of the Dungeon.
You worshipped Gozag.
Gozag was pleased with you.
You visited 2 branches of the dungeon, and saw 10 of its levels.

You collected 1024 gold pieces.
You paid 100 gold pieces to Gozag.


Innate Abilities, Weirdness & Mutations

You are immune to poison.
Your flesh is cold resistant. (rC+)
You are immune to negative energy. (rN+++)
You are immune to unholy pain and torment.
You are vulnerable to heat. (rF-)
You are in touch with the powers of death.
You do not drink.


   Skills:
 + Level 7.3 Fighting
 - Level 1.5 Dodging
 - Level 1.5 Stealth
 - Level 6.5 Spellcasting
 - Level 5.1 Conjurations
 - Level 3.0 Summonings
 - Level 0.7 Translocations
 * Level 8.1 Fire Magic
 - Level 2.0 Air Magic
 - Level 2.0 Poison Magic


You had 6 spell levels left.
You knew the following spells:

 Your Spells              Type           Power      Damage    Failure   Level
a - Magic Dart            Conj           100%       1d8       1%          1
b - Blink                 Tloc           18%        N/A       12%         2
d - Conjure Flame         Conj/Fire      31%        6-21      1%          3
f - Mephitic Cloud        Conj/Pois/Air  17%        N/A       9%          3
l - Fireball              Conj/Fire      15%        3d8       19%         5
x - Call Imp              Summ           17%        N/A       4%          2

Your spell library contained the following spells:

 Spells                   Type           Power      Damage    Failure   Level
 Foxfire                  Conj/Fire      100%       2x1d9     1%          1
 Shock                    Conj/Air       76%        1d7       2%          1
 Inner Flame              Hex/Fire       21%        N/A       6%          3
 Slow                     Hex            24%        N/A       11%         1
 Dazzling Flash           Conj/Hex       30%        N/A       11%         3
 Swiftness                Air            13%        N/A       14%         3
 Iskenderun's Battlesphe  Conj           25%        2d8       34%         5
 Airstrike                Air            6%         N/A       43%         4
 Cause Fear               Hex            3%         N/A       71%         4
 Silence                  Hex/Air        5%         N/A       89%         5
 Agony                    Necr           9%         N/A       96%         5
 Conjure Ball Lightning   Conj/Air       9%         3x3d6     98%         6
 Orb of Destruction       Conj           12%        9d7       100%        7
 Discord                  Hex            3%         N/A       100%        8
 Beastly Appendage        Tmut           Unusable   N/A       N/A         1

Inventory:

Hand Weapons
 a - a +0 halberd
 b - a +2 hunting sling (weapon)
Missiles
 e - 3 poisoned darts
Armour
 c - a +2 hat (worn)
 j - a +0 pair of gloves (worn)
 o - a +0 robe (worn)
Magical Staves
 d - a staff of death {!a}
 m - a staff of conjuration {!a}
Jewellery
 D - a +6 ring of dexterity
 L - a ring of flight
 S - a +6 ring of strength (left hand)
 T - a +4 ring of protection (right hand)
 Z - a ring of wizardry
Wands
 k - a wand of mindburst (16)
 n - a wand of flame (9)
Scrolls
 f - a scroll of vulnerability {unknown}
 g - 3 scrolls of teleportation {@r2}
 h - a scroll of torment {unknown}
 i - a scroll of magic mapping
 l - a scroll of brand weapon
 q - a scroll of immolation {unknown}
 r - a scroll of fear {unknown}
 s - a scroll of blinking {unknown}

Dungeon Overview and Level Annotations

Branches:
Dungeon (9/15)             Temple (1/1) D:6            Lair (0/6) D:9
    Orc: D:9-12

Altars:
Cheibriados
Dithmenos
Elyvilon
Fedhas
Gozag
Kikubaaqudgha
Makhleb
Nemelex Xobeh
Okawaru
Qazlal
Ru
Sif Muna
Trog
Uskayaw
Vehumet
Wu Jian
Xom
Yredelemnul
Zin
The Shining One

Shops:
D:2

*
##################
#................#
#......o.........'
#@...{....o.!....#
##################
#...'.o..
#...#.... o..
##### . # # # #


You could see an orc (confused).


Message History

The orc appears confused.
The orc is engulfed in noxious fumes.
The orc appears confused.
The orc warrior is engulfed in noxious fumes.
The orc warrior hits your white imp with a +0 hand axe.
Your white imp gestures at the orc warrior.
The puff of frost hits the orc warrior!
The orc warrior is engulfed in noxious fumes.
The orc warrior appears confused.
Something hits your white imp!
Your white imp is killed!
Your white imp disappears in a puff of smoke!
You see here a sedimented coppery potion.
A magic dart appears from out of thin air!
The magic dart hits you.
Okay, then.
No target in view!
You start resting.
A puff of flame appears from out of thin air!
The puff of flame hits you! The fire burns you terribly!
Casting: Mephitic Cloud (dangerous; 9% risk of failure)
Confirm with . or Enter, or press ? or * to list all spells.
You can't see any susceptible monsters within range! (Use Z to cast anyway.)
Casting: Mephitic Cloud (dangerous; 9% risk of failure)
Confirm with . or Enter, or press ? or * to list all spells.
Aiming: Fireball (dangerous; 19% risk of failure)
Press: ? - help, Shift-Dir - straight line, p - orc The fireball explodes!
The fireball engulfs something!
A puff of flame appears from out of thin air!
The puff of flame hits you!! The fire burns you terribly!
Are you sure you want to abandon this character and quit the game? (Confirm with "yes".)

Skill      XL: |  1  2  3  4  5  6  7  8  9 10 |
---------------+-------------------------------+-----
Conjurations   | 1 2 3 4 5 |  5.1
Fighting       | 1 2 3 4 6 7 |  7.3
Summonings     | 1 2 3 |  3.0
Poison Magic   | 1 2 |  2.0
Air Magic      | 1 2 |  2.0
Spellcasting   | 5 6 |  6.5
Fire Magic     | 2 4 7 8 |  8.1
Dodging        | |  1.5
Stealth        | |  1.5
Translocations | |  0.7

Action                   |  1- 3 |  4- 6 |  7- 9 | 10-12 || total
-------------------------+-------+-------+-------+-------++-------
Melee: Short sword       |    29 |    69 |     1 |       ||    99
       Dagger            |     1 |       |       |       ||     1
       Halberd           |       |       |     8 |       ||     8
 Fire: Hunting sling     |       |     3 |   193 |    26 ||   222
Throw: Dart              |       |     6 |       |       ||     6
 Cast: Magic Dart        |    75 |   100 |   229 |    84 ||   488
       Call Imp          |    16 |    31 |    62 |    20 ||   129
       Mephitic Cloud    |       |     9 |    50 |    12 ||    71
       Conjure Flame     |       |       |    13 |     8 ||    21
       Fireball          |       |       |       |     3 ||     3
Evoke: Wand              |       |     5 |    14 |     4 ||    23
  Use: Scroll            |       |     7 |    11 |     3 ||    21
 Stab: Sleeping          |       |     1 |       |       ||     1
       Confused          |       |     1 |     1 |       ||     2
Armor: Robe              |    10 |    30 |   100 |    18 ||   158
Dodge: Dodged            |    33 |    77 |   171 |    38 ||   319

Levels and vault maps discovered:
D:1:      elethiomel_arrival_diamonds, layout_rooms,
          dreamdust_ecumenical_altar_statues, moated_statue,
          chequers_serial_rivers_small_a, minmay_door_square
D:2:      layout_loops_ring, basic_altar, serial_forest,
          infiniplex_forest_diagonal, infiniplex_forest_fountain,
          infiniplex_forest_straight_2, infiniplex_forest_lined_3,
          infiniplex_forest_diagonal, infiniplex_forest_lined_room_,
          infiniplex_forest_lined_corner, serial_shops,
          nicolae_shop_advertising_works [nicolae_subvault_shop_adworks]
D:3:      layout_rooms
D:4:      layout_basic, nicolae_overflow_hidden_temple,
          grunt_temple_overflow_open, interstate_on_off, uniq_robin
D:5:      cheibrodos_helix_gallery, layout_basic, kennysheep_mini_moat,
          vehumet_altar_wand_db, uniq_sigmund, uniq_edmund
D:6:      layout_loops_cross, minmay_temple_entry_junction
D:7:      layout_layer_cave, uniq_prince_ribbit1, uniq_joseph
D:8:      layout_loops_ring, nicolae_ossuary_entry_giza, serial_bayou,
          serial_bayou_shore_a, serial_bayou_lake_a, serial_bayou_lagoon_a,
          serial_bayou_pond_b, serial_bayou_pond_e
D:9:      layout_grid_maze, dpeg_oklobed_lair
Temple:   nicolae_temple_god_jail

Notes
Turn   | Place    | Note
-------+----------+-------------------------------------------
     0 | D:1      | jdsmith2816 the Mummy Hedge Wizard began the quest for the
                  | Orb.
     0 | D:1      | Reached XP level 1. HP: 13/13 MP: 5/5
    99 | D:1      | Reached skill level 1 in Conjurations
   308 | D:1      | Reached XP level 2. HP: 20/20 MP: 4/7
   311 | D:1      | Learned a level 2 spell: Blink
   314 | D:1      | Learned a level 2 spell: Call Imp
   462 | D:1      | Found a faded altar of an unknown god.
   671 | D:1      | Reached skill level 1 in Fighting
   911 | D:1      | Gained mutation: You are in touch with the powers of death.
                  | [Mummy growth]
   911 | D:1      | Reached XP level 3. HP: 26/26 MP: 5/8
   919 | D:1      | Learned a level 3 spell: Mephitic Cloud
  1533 | D:2      | Found a radiant altar of Vehumet.
  1635 | D:2      | Reached skill level 1 in Summonings
  1714 | D:2      | Found Pualuits's General Store.
  1797 | D:2      | Reached skill level 2 in Conjurations
  2247 | D:2      | Reached XP level 4. HP: 24/32 MP: 6/10
  2322 | D:2      | Learned a level 3 spell: Conjure Flame
  3341 | D:3      | Reached skill level 1 in Poison Magic
  3890 | D:3      | Reached skill level 1 in Air Magic
  4162 | D:4      | Reached XP level 5. HP: 22/37 MP: 4/12
  4543 | D:4      | Found an ancient bone altar of Kikubaaqudgha.
  4578 | D:4      | Found a shimmering blue altar of Sif Muna.
  4580 | D:4      | Found an iron altar of Okawaru.
  4580 | D:4      | Found a hide-covered altar of Uskayaw.
  5009 | D:4      | Noticed Robin
  5437 | D:4      | Killed Robin
  5628 | D:4      | Reached skill level 2 in Fighting
  5628 | D:4      | Reached skill level 2 in Summonings
  5628 | D:4      | Reached XP level 6. HP: 43/44 MP: 5/13
  6205 | D:5      | Entered Level 5 of the Dungeon
  6230 | D:5      | Got Cicwi's Introduction to Hermeneutics
  6262 | D:5      | Found a basalt altar of Yredelemnul.
  6375 | D:5      | Noticed Edmund
  6493 | D:5      | Reached skill level 2 in Air Magic
  6493 | D:5      | Reached skill level 2 in Poison Magic
  6565 | D:5      | Noticed Sigmund
  6704 | D:5      | Reached skill level 5 in Spellcasting
  6711 | D:5      | Killed Edmund
  6712 | D:5      | Reached skill level 3 in Conjurations
  6712 | D:5      | Reached XP level 7. HP: 51/51 MP: 1/14
  6836 | D:5      | Found a radiant altar of Vehumet.
  7335 | D:5      | Reached skill level 3 in Summonings
  7335 | D:5      | Reached skill level 1 in Fire Magic
  7448 | D:5      | Reached skill level 3 in Fighting
  7763 | D:5      | Killed Sigmund
  7764 | D:5      | Reached skill level 4 in Conjurations
  7764 | D:5      | Reached skill level 2 in Fire Magic
  7764 | D:5      | Reached XP level 8. HP: 48/58 MP: 8/16
  8436 | D:6      | Reached skill level 6 in Spellcasting
  8519 | D:6      | Reached skill level 3 in Fire Magic
  8740 | D:6      | Found a staircase to the Ecumenical Temple.
  8755 | Temple   | Entered the Ecumenical Temple
  8816 | Temple   | Became a worshipper of Gozag Ym Sagoz the Greedy
  9520 | D:7      | Reached skill level 4 in Fighting
  9522 | D:7      | Reached skill level 5 in Conjurations
  9780 | D:6      | HP: 6/60 [wight/+5 flail (8)]
 10600 | D:6      | Reached skill level 4 in Fire Magic
 10947 | D:7      | Noticed Prince Ribbit
 10961 | D:7      | Noticed Joseph
 11257 | D:7      | Reached XP level 9. HP: 66/66 MP: 5/18
 11260 | D:7      | Killed Prince Ribbit
 11657 | D:7      | Reached skill level 5 in Fire Magic
 11748 | D:7      | Reached skill level 5 in Fighting
 13081 | D:7      | Reached skill level 6 in Fire Magic
 13543 | D:7      | Reached skill level 6 in Fighting
 14244 | D:7      | Killed Joseph
 14245 | D:7      | Reached skill level 7 in Fire Magic
 14734 | D:7      | Reached XP level 10. HP: 77/77 MP: 8/19
 14852 | D:7      | Learned a level 5 spell: Fireball
 15442 | D:8      | Identified the +2 ring mail "Waputses" {-Tele rF+ rC+}
 16108 | D:8      | Noticed a boulder beetle
 16162 | D:8      | Noticed an ettin
 16474 | D:9      | Reached skill level 7 in Fighting
 16943 | D:9      | Reached skill level 8 in Fire Magic
 17367 | D:9      | Identified the +0 trident "Hoxen" {vorpal, rPois Str+4
                  | Stlth-}
 17369 | D:9      | Found a staircase to the Lair.
 17985 | D:9      | Quit the game

Vanquished Creatures
  Joseph (D:7)
  Prince Ribbit (D:7)
  A troll (D:9)
  2 yaks
  3 steam dragons
  Edmund (D:5)
  An orc warrior (D:6)
  An ice beast (D:5)
  2 ogres
  4 centaurs
  2 scorpions (D:7)
  2 bullfrogs
  A necrophage (D:7)
  A gnoll sergeant (D:9)
  6 wights
  A killer bee (D:9)
  An electric eel (D:8)
  A jelly (D:7)
  2 hounds (D:5)
  3 iguanas
  5 orc wizards
  7 gnolls
  6 adders
  2 white imps
  An ufetubus (D:6)
  A worm (D:2)
  6 dart slugs
  13 orcs
  4 ball pythons
  4 endoplasms
  3 giant cockroaches
  7 goblins
  8 hobgoblins
  6 jackals
  3 quokkas
  3 bats
  5 frilled lizards
  7 kobolds
  8 rats
136 creatures vanquished.

Vanquished Creatures (collateral kills)
  Sigmund (D:5)
  3 yaks (D:7)
  A steam dragon (D:6)
  2 acid dragons
  A black bear (D:5)
  3 scorpions
  A wight (D:7)
  3 killer bees (D:9)
  3 hounds
  3 iguanas
  An orc wizard (D:5)
  Robin (D:4)
  2 gnolls
  2 worms
  5 orcs
  2 endoplasms
  5 hobgoblins
  3 jackals
  A kobold (D:2)
  A frilled lizard (D:2)
  5 goblins (D:4)
49 creatures vanquished.

Vanquished Creatures (others)
  A goblin (D:4)
  8 fungi (D:9)
  39 plants
48 creatures vanquished.

Grand Total: 233 creatures vanquished

Table legend: (Time is in decaauts)
 A = Elapsed time spent in this place.
 B = Non-inter-level travel time spent in this place.
 C = Inter-level travel time spent in this place.
 D = Time resting spent in this place.
 E = Time spent auto-exploring this place.
 F = Levels seen in this place.
 G = Mean time per level.
                   A        B        C        D        E       F      G
               +--------+--------+--------+--------+--------+-----+--------+
         Total |  18152 |  17443 |    709 |   8109 |   5048 |  10 | 1815.2 |
       Dungeon |  18073 |  17408 |    665 |   8109 |   5024 |   9 | 2008.1 |
        Temple |     79 |     35 |     44 |      0 |     24 |   1 |   79.0 |
               +--------+--------+--------+--------+--------+-----+--------+

Top non-repeatable levels by time:
     D:7: 3538 daAuts
     D:6: 3207 daAuts
     D:4: 2476 daAuts
     D:5: 1898 daAuts
     D:9: 1814 daAuts
     D:2: 1698 daAuts
     D:1: 1359 daAuts
     D:3: 1078 daAuts
     D:8: 1001 daAuts
  Temple: 79 daAuts

Table legend:
 A = Non-vault XP
 B = Vault XP
 C = Vault XP percentage of total XP
 D = Non-vault monster count
 E = Vault monster count
 F = Vault count percentage of total count
                 A         B        C        D         E       F
            +---------+---------+-------+---------+---------+-------
      Total |    6022 |    1296 |  17.7 |     158 |      27 |  14.6
            +---------+---------+-------+---------+---------+-------
        D:1 |      42 |       8 |  16.0 |      14 |       7 |  33.3
        D:2 |      72 |       0 |   0.0 |      26 |       0 |   0.0
        D:3 |      51 |       0 |   0.0 |      13 |       0 |   0.0
        D:4 |     247 |      36 |  12.7 |      21 |      12 |  36.4
        D:5 |     658 |     487 |  42.5 |      21 |       5 |  19.2
        D:6 |    1088 |       0 |   0.0 |      18 |       0 |   0.0
        D:7 |    2138 |     762 |  26.3 |      26 |       2 |   7.1
        D:8 |     495 |       3 |   0.6 |       5 |       1 |  16.7
        D:9 |    1231 |       0 |   0.0 |      14 |       0 |   0.0
            +---------+---------+-------+---------+---------+-------
